 Dungeon Crawl Stone Soup version 0.29-a0-340-g6efceafd81 (webtiles) character file.

Game seed: 18443215485929031659

0 quokkamancerX the Firebug (level 1, -2/16 HPs)
             Began as an Ogre Fire Elementalist on Apr 20, 2022.
             Slain by a quokka (3 damage)
             ... on level 3 of the Dungeon.
             The game lasted 00:01:31 (119 turns).

quokkamancerX the Firebug (Ogre Fire Elementalist)   Turns: 119, Time: 00:01:31

Health: -2/16      AC:  3    Str: 11    XL:     1   Next: 10%
Magic:  0/4        EV:  9    Int: 16    God:
Gold:   11         SH:  0    Dex:  9    Spells: 4/5 levels left

rFire   . . .      SeeInvis .   (no weapon)
rCold   . . .      Faith    .   (no shield)
rNeg    . . .      Spirit   .   a - +0 robe
rPois   .          Reflect  .   (helmet restricted)
rElec   .          Harm     .   (no cloak)
rCorr   .          Rampage  .   (gloves unavailable)
Will    .....                   (boots unavailable)
Stlth   +.........              (no amulet)
HPRegen 0.05/turn               (no ring)
MPRegen 0.09/turn               (no ring)

@: no status effects
A: large, unfitting armour, tough skin 1
a: no special abilities


You were on level 3 of the Dungeon.
You visited 1 branch of the dungeon, and saw 3 of its levels.

You collected 11 gold pieces.

Inventory:

Armour
 a - a +0 robe (worn)
Potions
 b - a potion of magic


   Skills:
 - Level 1.7 Dodging
 - Level 1.4 Stealth
 + Level 2.5 Spellcasting
 - Level 0.8 Conjurations
 - Level 2.6 Fire Magic


You had 4 spell levels left.
You knew the following spells:

 Your Spells              Type           Power      Damage    Failure   Level
a - Foxfire               Conj/Fire      28%        2x1d5     10%         1

Your spell library contained the following spells:

 Spells                   Type           Power      Damage    Failure   Level
 Scorch                   Fire           20%        2d6       10%         2
 Conjure Flame            Conj/Fire      7%         6-21      28%         3
 Inner Flame              Hex/Fire       6%         N/A       34%         3
 Flame Wave               Conj/Fire      7%         2d5       67%         4


Dungeon Overview and Level Annotations

Branches:
Dungeon (3/15)

Altars:


Innate Abilities, Weirdness & Mutations

You are too large for most types of armour.
You have tough skin. (AC +1)


Message History

You hit the rat.
The rat is heavily wounded.
The quokka bites you. The rat closely misses you.
You closely miss the rat.
The rat is heavily wounded.
The quokka closely misses you. The quokka barely misses you. The rat bites you.
You barely miss the rat.
The rat is heavily wounded.
The quokka closely misses you. The rat bites you but does no damage.
You hit the rat.
You kill the rat!
The quokka misses you.
You see here a rat corpse.
Casting: Foxfire (safe; 10% risk of failure)
Press: ? - help, Q - select action Dir - look around, f - activate You conjure some foxfire!
The quokka bites you.
Your foxfire dissipates!
The quokka bites you. The quokka attacks as you move away!
The quokka barely misses you.
Found 7 gold pieces.
You see here 14 gold pieces.
Casting: Foxfire (safe; 10% risk of failure)
Press: ? - help, Q - select action Dir - look around, f - activate You conjure some foxfire!
The quokka bites you but does no damage.
The quokka barely misses you.
Your foxfire dissipates!
The quokka attacks as you move away!
The quokka bites you but does no damage.
The foxfire hits the quokka.
The quokka is almost dead.
Casting: Foxfire (safe; 10% risk of failure)
Press: ? - help, Q - select action Dir - look around, f - activate You conjure some foxfire!
The quokka bites you.
* * * LOW HITPOINT WARNING * * *
Your foxfire dissipates!
The quokka attacks as you move away! The quokka bites you.
You die...

#####
......#####
.......@r.#
#####$###.#
# #.# #.#
#.# #†# #<#
#.# #.#


You could see a quokka.

Vanquished Creatures
  A rat (D:3)
1 creature vanquished.

Vanquished Creatures (others)
  A foxfire (D:3)
1 creature vanquished.

Grand Total: 2 creatures vanquished

Notes
Turn   | Place    | Note
-------+----------+-------------------------------------------
     0 | D:1      | quokkamancerX the Ogre Fire Elementalist began the quest
                  | for the Orb.
     0 | D:1      | Reached XP level 1. HP: 16/16 MP: 3/3
    80 | D:1      | You fall into a shaft and drop 1 floor!
   119 | D:3      | Slain by a quokka

Illustrated notes

Levels and vault maps discovered:
D:1:      nagdon_arrival_zigzag_paths, layout_loops_ring, minmay_misc_feat_five,
          minmay_fountain_box
D:2:      layout_basic, shapermc_ecumenical_altar_mp_urbaneastern
D:3:      layout_loops_ring

Action                   || total
-------------------------++-------
Melee: Unarmed           ||     7
 Cast: Foxfire           ||     3
Armor: Robe              ||     5
Dodge: Dodged            ||    12

Table legend: (Time is in decaauts)
 A = Elapsed time spent in this place.
 B = Non-inter-level travel time spent in this place.
 C = Inter-level travel time spent in this place.
 D = Time resting spent in this place.
 E = Time spent auto-exploring this place.
 F = Levels seen in this place.
 G = Mean time per level.
                   A        B        C        D        E       F      G
               +--------+--------+--------+--------+--------+-----+--------+
         Total |    118 |    118 |      0 |      0 |      0 |   3 |   39.3 |
       Dungeon |    118 |    118 |      0 |      0 |      0 |   3 |   39.3 |
               +--------+--------+--------+--------+--------+-----+--------+

Top non-repeatable levels by time:
     D:1: 80 daAuts
     D:2: 20 daAuts
     D:3: 17 daAuts
